 Dungeon Crawl Stone Soup version 0.16.2-12-gd0ad4c3 (webtiles) character file.

226 faibistes the Magician (level 5, 0/28 HPs)
             Began as a Deep Elf Wizard on Feb 14, 2019.
             Slain by an orc
             ... wielding a +0 flail
              (8 damage)
             ... on level 4 of the Dungeon on Feb 15, 2019.
             The game lasted 00:08:40 (3296 turns).

faibistes the Magician (Deep Elf Wizard)            Turns: 3296, Time: 00:08:41

Health: 0/28       AC:  4    Str:  6    XL:     5   Next: 69%
Magic:  14/20      EV: 14    Int: 24    God:
Gold:   77         SH:  0    Dex: 13    Spells: 6 memorised, 3 levels left

rFire  . . .     SeeInvis .     y - +2 dagger (venom)
rCold  . . .     Clarity  .     a - +0 robe
rNeg   . . .     SustAb   .     (no shield)
rPois  .         Gourm    .     b - +0 hat
rElec  .         Spirit   .     t - +0 cloak
rCorr  .         Warding  .     l - +0 pair of gloves
rMut   .         Stasis   .     (no boots)
MR     .....                    s - amulet of inaccuracy (curse)
Stlth  ++........               (no ring)
                                r - +2 ring of strength

@: repel missiles, not resistant to hostile enchantments, unstealthy
A: no striking features
a: no special abilities


You were on level 4 of the Dungeon.
You were not hungry.

You visited 1 branch of the dungeon, and saw 4 of its levels.

You collected 77 gold pieces.

Inventory:

Hand weapons
 h - a +0 dagger
 q - a +1 short sword of electrocution
 y - a +2 dagger of venom (weapon)
Armour
 a - a +0 robe (worn)
 b - a +0 hat (worn)
 l - a +0 pair of gloves (worn)
 t - a +0 cloak (worn)
Jewellery
 r - a +2 ring of strength (left hand)
 s - a cursed amulet of inaccuracy (around neck)
Magical devices
 j - a wand of flame (28)
Scrolls
 e - 5 scrolls of fog
 f - a scroll of amnesia {unknown}
 g - a scroll of remove curse {unknown}
 n - a scroll of random uselessness {unknown}
 x - a scroll of teleportation {unknown}
 B - a scroll of immolation {unknown}
Potions
 i - a potion of heal wounds
 k - a potion of ambrosia
 m - 3 potions of curing
 p - a potion of might {unknown}
 u - a potion of brilliance {unknown}
 v - a potion of degeneration {unknown}
 w - a potion of mutation {unknown}
Books
 c - a book of Minor Magic

   Spells                             Type                      Level
   a - Magic Dart                     Conjuration                  1
   b - Blink                          Translocation                2
   c - Call Imp                       Summoning                    2
   d - Repel Missiles                 Charms/Air                   2
   e - Slow                           Hexes                        2
   f - Conjure Flame                  Conjuration/Fire             3
   g - Mephitic Cloud                 Conjuration/Poison/Air       3
 z - a book of Control

   Spells                             Type                      Level
   a - Control Teleport               Charms/Translocation         4
   b - Control Undead                 Necromancy                   4
   c - Enslavement                    Hexes                        4
   d - Metabolic Englaciation         Hexes/Ice                    5
   e - Mass Confusion                 Hexes                        6
Comestibles
 d - 2 bread rations
 o - 4 meat rations
 A - 4 chunks of flesh


   Skills:
 + Level 4.1 Dodging
 - Level 2.4 Stealth
 * Level 6.4 Spellcasting
 * Level 3.8 Conjurations
 - Level 1.1 Summonings
 - Level 1.1 Translocations


You had 3 spell levels left.
You knew the following spells:

 Your Spells              Type           Power        Failure   Level  Hunger
a - Magic Dart            Conj           ####         1%          1    None
b - Conjure Flame         Conj/Fire      ###.....     12%         3    None
c - Call Imp              Summ           ##......     10%         2    None
d - Blink                 Tloc           N/A          10%         2    None
e - Mephitic Cloud        Conj/Pois/Air  ##......     17%         3    None
f - Repel Missiles        Chrm/Air       #.....       12%         2    None


Dungeon Overview and Level Annotations

Branches:
Dungeon (4/15)
 Temple: D:4-7

Altars:
Nemelex Xobeh


Message History

The orc priest is engulfed in noxious fumes.
The orc priest appears confused.
The orc priest barely misses the orc.
The orc is engulfed in noxious fumes.
The orc appears confused.
You hit the orc but do no damage.
The orc priest is engulfed in noxious fumes.
The orc priest appears confused.
The orc hits you with a flail.
The orc is engulfed in noxious fumes.
The orc appears confused.
An orc priest comes into view. It is wielding a mace.
Casting: Mephitic Cloud
Confirm with . or Enter, or press ? or * to list all spells.
Aiming: Mephitic Cloud
Press: ? - help, Shift-Dir - straight line, f - orc priest, p - orc priest
Aim: an orc priest, wielding a mace and wearing a leather armour The ball explodes into a vile cloud!
The stinking cloud engulfs the orc priest.
The orc priest is engulfed in noxious fumes.
The orc priest appears confused.
The orc hits you with a flail!
* * * LOW HITPOINT WARNING * * *
The orc hits you with a flail!
You die...

## .. #. #. #
##.##
##...#.oo##.#o§#
...?..§o@(....§#
.................
.....o......###
#...#......## #..
######## ##.# .
.[.# ##.#


You could see 2 orc priests and 3 orcs.

Vanquished Creatures
  2 hounds (D:3)
  An orc wizard (D:3)
  A gnoll (D:1)
  6 adders
  A giant mite (D:1)
  A worm (D:2)
  A giant gecko (D:2)
  8 orcs (D:3)
  2 bats
  3 giant cockroaches
  3 goblins (D:1)
  8 hobgoblins
  9 kobolds
  A quokka (D:3)
  2 ball pythons
  6 giant newts
  5 jackals
  5 rats
65 creatures vanquished.

Notes
Turn   | Place    | Note
--------------------------------------------------------------
     0 | D:1      | faibistes, the Deep Elf Wizard, began the quest for the Orb.
     0 | D:1      | Reached XP level 1. HP: 10/10 MP: 6/6
   339 | D:1      | Reached XP level 2. HP: 15/15 MP: 7/10
   347 | D:1      | Learned a level 2 spell: Blink
   351 | D:1      | Learned a level 2 spell: Call Imp
  1175 | D:1      | Reached skill level 5 in Spellcasting
  1175 | D:1      | Reached XP level 3. HP: 19/19 MP: 2/14
  1180 | D:1      | Learned a level 3 spell: Conjure Flame
  1184 | D:1      | Learned a level 3 spell: Mephitic Cloud
  1361 | D:1      | You fall through a shaft!
  1477 | D:3      | Reached XP level 4. HP: 24/24 MP: 13/17
  1534 | D:3      | Learned a level 2 spell: Repel Missiles
  2121 | D:2      | Found a sparkling altar of Nemelex Xobeh.
  2859 | D:3      | Reached skill level 6 in Spellcasting
  2859 | D:3      | Reached XP level 5. HP: 26/28 MP: 14/20
  3296 | D:4      | Slain by an orc

Action                   |  1- 3 |  4- 6 || total
-------------------------+-------+-------++-------
Melee: Dagger            |    15 |    14 ||    29
 Cast: Magic Dart        |    66 |    90 ||   156
       Mephitic Cloud    |       |     4 ||     4
       Repel Missiles    |       |     2 ||     2
Evoke: Wand              |     1 |       ||     1
  Use: Scroll            |     1 |     3 ||     4
  Eat: Chunk             |     2 |     5 ||     7
